Description

  1. This is in response to a gasless opening in this particular game! Because he can't be aggressive I only build 1 adept for defence. If you want to be a little safer add a 2nd adept in.

The 3rd gas being faster and the dt shrine/robo faster because of skipping stalker is the main change in this build. You don't care if your opponent scouts your opening because the DTs hit so much faster than normal they usually won't be ready.

gl hf

Replay - super fast dt drop

Build Order

Get SALT Encoding   

  12  0:01  Probe  
  13  0:13  Probe  
  14  0:20  Pylon  
  14  0:25  Probe  
  15  0:36  Probe  
  15  0:40  Gateway  
  16  0:44  Probe  
  17  0:50  Assimilator  
  17  0:52  Probe  
  18  1:05  Probe  
  19  1:17  Probe  
  20  1:24  Nexus  
  20  1:34  Cybernetics Core  
  20  1:37  Probe  
  21  1:42  Assimilator  
  21  1:49  Probe  
  22  2:02  Pylon  
  23  2:12  Adept  
  23  2:19  Warp Gate  
  26  2:24  Twilight Council  
  28  2:44  Robotics Facility  
  34  3:17  Dark Shrine, Assimilator  
  36  3:28  Gateway  
  36  3:32  Warp Prism  
  36  3:33  Gateway x2  
  41  3:55  Pylon  
  41  4:02  Pylon  
  46  4:29  Dark Templar x4  
  54  4:36  Warp Prism  
  54  4:37  Charge  
  55  4:50  Gateway x2  
  57  5:11  Gateway x2  
  57  5:12  Immortal, Pylon  
  61  5:14  Archon x2  
  61  5:45  Dark Templar x4  
  69  6:21  Zealot x7  
  69  6:28  Assimilator  
Spawning Tool Build Advisor. Get it on Overwolf

Go to:

Details

  • Created by: PiG      
  • Published on: Apr 30, 2018
  • Modified on: Apr 30, 2018
  • Patch: 4.0.0
Show
View Real Time Build Order
Export as new Build Order

Comments (0)

There are no comments. Be the first!

Create an account to comment!